 Dungeon Crawl Stone Soup version 0.19.1-1-g22dce08 (webtiles) character file.

391003 dngmouse the Slayer (level 22, -9/224 HPs)
             Began as a Minotaur Fighter on Jan 20, 2017.
             Was the Champion of Okawaru.
             Killed from afar by a frost giant (40 damage)
             ... with a bolt of cold
             ... on level 4 of the Vaults on Jan 21, 2017.
             The game lasted 05:17:26 (49599 turns).

dngmouse the Slayer (Minotaur Fighter)             Turns: 49599, Time: 05:17:28

Health: -9/224     AC: 40    Str: 30    XL:     22   Next: 9%
Magic:  30/35      EV: 34    Int:  6    God:    Okawaru [******]
Gold:   3088       SH: 10    Dex: 21    Spells: 0 memorised, 21 levels left

rFire  + . .     SeeInvis +     a - +11 demon whip "Sasengef" {freeze, rElec rN+ Int-3}
rCold  . . .     Gourm    .     q - +10 chain mail of Pautafaell {rPois Str-2 Int+4}
rNeg   + + .     Faith    .     v - +3 buckler {rF+}
rPois  +         Spirit   .     (helmet restricted)
rElec  +         Reflect  .     S - +0 cloak
rCorr  .         Harm     .     W - +3 pair of gloves "Esust" {MR+ Str+5}
MR     +++++     Clarity  +     y - +2 pair of boots {run}
Stlth  ..........               V - amulet of the Four Winds {rN+ MR+++ Clar}
                                d - ring of Shaolin {EV+8}
                                Q - ring of see invisible

@: mighty, heroism, finesse, very slightly contaminated, hasted, very quick
A: retaliatory headbutt, horns 2, slimy green scales 1, agile 1, blink, blurry
vision 1, clarity
a: Blink, Heroism, Finesse, Renounce Religion
}: 2/15 runes: decaying, gossamer


You were on level 4 of the Vaults.
You worshipped Okawaru.
Okawaru was exalted by your worship.
You were full.

You visited 7 branches of the dungeon, and saw 37 of its levels.
You also visited: Ossuary and Ice Cave.

You collected 4592 gold pieces.
You spent 1504 gold pieces at shops.

Inventory:

Hand Weapons
 a - the +11 demon whip "Sasengef" (weapon) {freeze, rElec rN+ Int-3}
   (Okawaru gifted it to you on level 3 of the Spider Nest)

   It has been specially enchanted to freeze those struck by it, causing extra
   injury to most foes and up to half again as much damage against particularly
   susceptible opponents.
   It can also slow down cold-blooded creatures.
   It affects your intelligence (-3).
   It insulates you from electricity.
   It protects you from negative energy.
 E - a +2 antimagic eveningstar
Armour
 e - the +2 cloak of the Equinox {*Contam rC+++ rN+ Stlth+, unknown}
   (You found it on level 5 of the Vaults)

   It renders you almost immune to cold.
   It protects you from negative energy.
   It causes magical contamination when unequipped.
   It makes you more stealthy.
 q - the +10 chain mail of Pautafaell (worn) {rPois Str-2 Int+4}
   (You bought it in a shop on level 2 of the Orcish Mines)

   It affects your strength (-2).
   It affects your intelligence (+4).
   It protects you from poison.
 v - a +3 buckler of fire resistance (worn)
 y - a +2 pair of boots of running (worn)
 S - a +0 cloak (worn)
 W - the +3 pair of gloves "Esust" (worn) {MR+ Str+5}
   (Okawaru gifted it to you on level 12 of the Dungeon)

   It affects your strength (+5).
   It affects your resistance to hostile enchantments.
Jewellery
 d - the ring of Shaolin (right hand) {EV+8}
   (You acquired it on level 1 of the Lair of Beasts)

   [ring of evasion]

   It affects your evasion (+8).
 h - a +4 ring of protection
 F - an uncursed ring of resist corrosion
 Q - a ring of see invisible (left hand)
 V - the amulet of the Four Winds (around neck) {rN+ MR+++ Clar}
   (You took it off a tengu reaver on level 5 of the Vaults)

   [amulet of nothing]

   It protects you from negative energy.
   It affects your resistance to hostile enchantments.
   It protects you against confusion.
Wands
 c - a wand of slowing (22/48)
 i - a wand of enslavement (10/24)
 o - a wand of lightning (5/15)
 u - a wand of lightning (5/15)
 z - a wand of hasting (8/9)
 A - a wand of hasting (0/9)
 I - a wand of disintegration (21/24)
 L - a wand of digging (9/24)
 M - a wand of teleportation (7/9)
 R - a wand of paralysis (9/24)
 T - a wand of iceblast (5/15)
Scrolls
 b - a scroll of enchant armour
 g - 16 scrolls of remove curse
 j - 3 scrolls of enchant weapon
 n - a scroll of fog
 p - 9 scrolls of identify
 C - 12 scrolls of teleportation
 G - 3 scrolls of blinking
 K - 9 scrolls of fear
 N - 2 scrolls of summoning
 P - 2 scrolls of silence
Potions
 l - 4 potions of haste
 m - a potion of invisibility
 s - a potion of heal wounds
 w - 6 potions of flight
 x - 6 potions of curing
 B - 4 potions of ambrosia
 D - 2 potions of berserk rage
 H - a potion of agility
 J - 3 potions of resistance
 U - 3 potions of might
Miscellaneous
 k - 3 phantom mirrors
 O - a phial of floods
 Z - a box of beasts
Comestibles
 f - 17 bread rations
 r - 13 meat rations
 t - 2 fruits
 Y - 11 chunks of flesh


   Skills:
 + Level 24.7(27) Fighting
 - Level 14.0(19.0) Maces & Flails
 + Level 20.3(25.3) Armour
 + Level 15.6(20.6) Dodging
 - Level 3.6(8.6) Shields
 + Level 20.6 Invocations
 - Level 3.3 Evocations


You had 21 spell levels left.
You didn't know any spells.

Dungeon Overview and Level Annotations

Branches:
Dungeon (15/15)            Temple (1/1) D:4            Lair (6/6) D:11
  Swamp (4/4) Lair:4       Spider (4/4) Lair:4        Slime (0/5) Lair:5
    Orc (2/2) D:12            Elf (0/3) Orc:2        Vaults (5/5) D:14
  Crypt (0/3) Vaults:2     Depths (0/5) D:15

Altars:
Ashenzari
Cheibriados
Dithmenos
Elyvilon
Fedhas
Gozag
Hepliaklqana
Kikubaaqudgha
Makhleb
Nemelex Xobeh
Okawaru
Qazlal
Ru
Sif Muna
Trog
Uskayaw
Vehumet
Xom
Yredelemnul
Zin
The Shining One
Beogh

Shops:
D:8 ?   D:12 (   D:15 *   Orc:1 =   Orc:2 [=[(   Vaults:4 [

Annotations:
Spider:4 1 exclusion
Vaults:4 1 exclusion


Innate Abilities, Weirdness & Mutations

You reflexively headbutt those who attack you in melee.
You have a pair of horns on your head.
You are partially covered in slimy green scales. (AC +2)
You are agile. (Dex +2)
You can translocate small distances at will.
Scrolls take you a little longer to read.
You possess an exceptional clarity of mind.


Message History

An orc comes into view. It is wielding a short sword.
The ironheart preserver casts a spell.
The ironheart preserver begins to accept its allies' injuries.
The ironbrand convoker casts a spell at the orc.
The orc seems to grow stronger.
The deep elf high priest mumbles some strange prayers to its god against you.
Something smites you!
* * * LOW HITPOINT WARNING * * *
You climb upwards.
Level annotation: 1 exclusion
There is a stone staircase leading down here.
You thrash the ironheart preserver!! You freeze the ironheart preserver!
The ironheart preserver is almost dead.
Your chain mail of Pautafaell prevents you from hitting the ironheart preserver.
You headbutt the ironheart preserver.
You kill the ironheart preserver!
Okawaru accepts your kill.
The frost giant points at you and mumbles some strange words.
The bolt of cold hits you!
You die...

#.............[# #####'
#.......).)....# #.....
#...####)###...# #.....
#...#!.....#.(.# #.....
#...#......#...# #.....
#...#......#..(#############.....
#...#......#.[(#.(.#...#..)).....
#...#......#(((#C#.#.#.#.#)#.....
#...#......#.[()@..[...#)))######
#...#......#...#####[#.#'### ##
'..######'##.(.#....)....).# ##.
#..#.......#(..#.#.#)#.#.#.# ##..
#..'.......#...#...........###...
#..#..###..(...#####.#.#'####....
#..#..# #..#...#...#...#...'....#
#..#..###..#...#.#.#.#.#.#.#...##
#..#.......'...#...'...#...#....#


You could see a frost giant.

Vanquished Creatures
  Mennas (Vaults:1)
  Xtahua (Vaults:2)
  A golden dragon (Vaults:4)
  A bone dragon (Swamp:4)
  Arachne (Spider:4)
  2 liches
  5 tentacled monstrosities
  Rupert (Lair:3)
  3 titans
  3 sphinxes
  Agnes (D:14)
  4 shadow dragons (Vaults:5)
  Roxanne (Swamp:2)
  4 storm dragons
  9 tengu reavers
  2 thorn hunters (Swamp:3)
  4 fire giants
  A deep elf sorcerer (Vaults:5)
  17 vault wardens
  5 emperor scorpions
  5 ghost moths (Spider:4)
  2 orc warlords (Orc:2)
  2 iron dragons (Vaults:5)
  4 frost giants
  Louise (Swamp:2)
  2 large abominations
  A war gargoyle (Vaults:5)
  3 entropy weavers
  2 very ugly things (IceCv)
  16 ironheart preservers
  9 stone giants
  A deep elf demonologist (Vaults:4)
  A deep elf annihilator (Vaults:4)
  A spark wasp (Spider:4)
  A dire elephant (Lair:6)
  6 ettins
  4 deep elf death magi
  12 yaktaur captains
  2 fire dragons
  9 ogre magi
  A deep elf high priest (Vaults:4)
  3 rakshasas
  5 ice dragons
  32 vault guards
  3 catoblepae
  2 ghost crabs
  2 death knights (Vaults:2)
  7 centaur warriors
  The ghost of TryAgain the Destroyer, a journeyman DsCj of Sif Muna (Lair:1)
  13 hydras
  2 deep troll shamans
  8 alligators
  Erica (D:8)
  A tengu warrior (D:15)
  5 deep troll earth magi
  11 death yaks
  Urug (D:12)
  4 spriggans
  A shock serpent (shapeshifter) (Vaults:4)
  6 deep elf knights
  Nergalle (D:10)
  A storm dragon skeleton (Vaults:4)
  2 shadow wraiths
  4 skeletal warriors (D:11)
  2 spriggan druids
  2 small abominations
  2 unseen horrors (D:12)
  32 slime creatures
  A flayed ghost (Vaults:5)
  15 deep trolls
  2 swamp dragons
  3 deep elf archers
  5 spectral hydras (Swamp:4)
  6 hill giants
  Pikel (D:7)
  4 phantasmal warriors
  A lindwurm (Lair:4)
  A death drake (Swamp:4)
  2 wizards
  A hill giant (shapeshifter) (Vaults:5)
  2 necromancers
  4 wolf spider zombies (Spider:3)
  12 orb spiders
  5 harpies
  13 ironbrand convokers
  17 orc knights
  A mana viper (shapeshifter) (D:14)
  8 deep elf magi
  12 orc sorcerers
  36 wolf spiders
  2 oklob plants (Lair:5)
  10 cyclopes
  40 ugly things
  4 manticores
  7 elephants
  A fire giant zombie (Vaults:4)
  6 moths of wrath
  20 vault sentinels
  A black mamba (shapeshifter) (D:15)
  16 spiny frogs
  5 black mambas
  Psyche (D:8)
  5 ice statues (IceCv)
  2 torpor snails
  A gargoyle (D:15)
  5 rime drakes
  A swamp worm zombie (Swamp:4)
  54 yaktaurs
  14 demonic crawlers
  A komodo dragon (shapeshifter) (D:15)
  7 komodo dragons
  2 kobold demonologists
  13 redback zombies (Spider:3)
  A yaktaur zombie (Vaults:4)
  A golden dragon simulacrum (IceCv)
  5 freezing wraiths
  2 anaconda simulacra (IceCv)
  A harpy zombie (D:15)
  A tengu conjurer (D:15)
  2 hydra zombies (Swamp:4)
  10 trolls
  26 jumping spiders
  Prince Ribbit (D:7)
  A queen bee (shapeshifter) (D:14)
  9 tyrant leeches
  2 polar bears
  A wind drake (shapeshifter) (D:15)
  16 hornets
  16 two-headed ogres
  16 blink frogs
  20 dream sheep (Lair:6)
  12 hippogriffs
  A meliai zombie (D:10)
  6 tarantella zombies (Spider:3)
  5 alligator zombies (Swamp:4)
  10 bog bodies
  41 tarantellas
  A wyvern (shapeshifter) (Vaults:4)
  4 shadows
  95 redbacks
  A tarantella (shapeshifter) (Vaults:1)
  2 wraiths
  A vampire (D:9)
  A dire elephant simulacrum (IceCv)
  7 basilisks
  A hill giant zombie (D:12)
  43 yaks
  2 wyverns (Lair:5)
  2 hungry ghosts
  39 vampire mosquitoes
  A hog (shapeshifter) (Vaults:3)
  12 wargs
  3 harpy simulacra (IceCv)
  A deep troll zombie (Vaults:4)
  A mottled dragon (Vaults:1)
  11 insubstantial wisps
  2 hydra simulacra (IceCv)
  15 swamp worms
  8 ice beasts
  15 water moccasins
  A hornet zombie (D:15)
  11 swamp drakes
  6 porcupines
  2 black bears (Lair:1)
  4 sky beasts
  A slave (D:7)
  40 orc warriors
  11 phantoms
  5 swamp dragon zombies (Swamp:4)
  43 ogres
  A necrophage (D:10)
  10 centaurs
  9 boggarts (D:15)
  22 wolves
  16 crocodiles
  6 big kobolds
  A big kobold (shapeshifter) (Vaults:5)
  A gnoll sergeant (D:10)
  24 bullfrogs
  3 human simulacra
  A water moccasin zombie (D:5)
  2 wyvern skeletons (D:13)
  A troll zombie (D:12)
  5 scorpions
  9 killer bees
  5 wights
  5 howler monkeys
  2 electric eels
  3 crimson imps
  A quasit (D:12)
  7 centaur zombies
  A bullfrog zombie (D:10)
  4 hounds
  4 human zombies (D:14)
  2 jellies
  3 centaur skeletons
  A bullfrog skeleton (D:13)
  23 orc priests
  30 orc wizards
  2 human skeletons
  Ijyb (D:3)
  Jessica (D:3)
  5 iguanas
  A spectral swamp drake (Swamp:4)
  10 worker ants
  5 ogre zombies
  A hound zombie (D:6)
  A hound skeleton (D:5)
  12 mummies
  A howler monkey zombie (D:6)
  12 gnolls
  12 adders
  2 swamp drake zombies (Swamp:4)
  3 shadow imps
  An ooze (D:2)
  3 adder zombies (Ossuary)
  3 adder skeletons
  3 worms
  3 dart slugs (D:2)
  7 leopard geckos
  130 orcs
  4 giant cockroaches
  A gnoll zombie (Ossuary)
  4 goblins
  A goblin (shapeshifter) (D:14)
  3 hobgoblins
  14 jackals
  16 kobolds
  5 quokkas
  A ball python (D:4)
  6 bats
  4 frilled lizards
  5 goblin zombies
  10 hobgoblin zombies
  5 kobold zombies (Ossuary)
  A leopard gecko zombie (D:5)
  2 orc skeletons (D:12)
  11 orc zombies
  6 quokka zombies
  8 rats
  3 rat zombies (Ossuary)
  A crawling corpse (Vaults:4)
  2 plants
1808 creatures vanquished.

Vanquished Creatures (others)
  A quicksilver dragon (Vaults:5)
  A great orb of eyes (Vaults:3)
  A spriggan druid (Swamp:4)
  A vault sentinel (Vaults:2)
  3 yaktaurs
  A tarantella (Spider:4)
  2 orc warriors (Vaults:2)
  5 briar patches (Swamp:3)
  7 fungi
  3 plants
  21 toadstools
46 creatures vanquished.

Grand Total: 1854 creatures vanquished

Notes
Turn   | Place    | Note
-------+----------+-------------------------------------------
     0 | D:1      | dngmouse the Minotaur Fighter began the quest for the Orb.
     0 | D:1      | Reached XP level 1. HP: 19/19 MP: 0/0
   258 | D:1      | Reached XP level 2. HP: 27/27 MP: 1/1
   375 | D:1      | Reached skill level 4 in Fighting
  1024 | D:2      | Reached XP level 3. HP: 31/33 MP: 2/2
  1510 | D:2      | Reached skill level 5 in Maces & Flails
  1510 | D:2      | Reached XP level 4. HP: 35/40 MP: 3/3
  1585 | D:3      | Found a hide-covered altar of Uskayaw.
  1868 | D:3      | Noticed Ijyb
  1871 | D:3      | Noticed Jessica
  1882 | D:3      | Killed Ijyb
  1882 | D:3      | Reached XP level 5. HP: 23/46 MP: 4/4
  1884 | D:3      | Killed Jessica
  2589 | D:4      | Reached XP level 6. HP: 42/52 MP: 5/5
  2719 | D:4      | Found a staircase to the Ecumenical Temple.
  2731 | Temple   | Entered the Ecumenical Temple
  3372 | D:4      | Reached XP level 7. HP: 39/59 MP: 6/6
  3869 | D:5      | Entered Level 5 of the Dungeon
  3875 | D:5      | Found a sand-covered staircase.
  3890 | Ossuary  | Entered an ossuary
  4094 | Ossuary  | Reached skill level 10 in Maces & Flails
  4450 | D:5      | Found a shadowy altar of Dithmenos.
  4467 | D:5      | Reached XP level 8. HP: 62/66 MP: 7/7
  4801 | D:5      | Gained mutation: You are agile. (Dex +2) [mutagenic meat]
  4802 | D:5      | Gained mutation: You possess an exceptional clarity of mind. [mutagenic meat]
  4803 | D:5      | Gained mutation: You are partially covered in slimy green scales. (AC +2) [mutagenic meat]
  4817 | D:5      | Gained mutation: Your spells are a little harder to cast, but a little more powerful. [potion of mutation]
  4817 | D:5      | Gained mutation: You can translocate small distances at will. [potion of mutation]
  4817 | D:5      | Gained mutation: Scrolls take you a little longer to read. [potion of mutation]
  4818 | D:5      | Reached skill level 14 in Fighting
  4818 | D:5      | Reached XP level 9. HP: 96/96 MP: 8/8
  5774 | D:7      | Noticed Prince Ribbit
  5790 | D:7      | Killed Prince Ribbit
  5858 | D:7      | Noticed Pikel
  5882 | D:7      | Killed Pikel
  5882 | D:7      | Reached skill level 1 in Dodging
  5882 | D:7      | Reached skill level 1 in Evocations
  6404 | D:7      | Found a radiant altar of Vehumet.
  6405 | D:7      | Found an opulent altar of Gozag.
  6498 | D:8      | Found Pueb's Magic Scroll Shop.
  6506 | D:8      | Bought a scroll of teleportation for 30 gold pieces
  6506 | D:8      | Bought a scroll of enchant weapon for 75 gold pieces
  6506 | D:8      | Bought a scroll of fear for 35 gold pieces
  6517 | D:8      | Noticed Psyche
  6527 | D:8      | Killed Psyche
  6527 | D:8      | Reached XP level 10. HP: 104/104 MP: 10/10
  6810 | D:8      | Found a faded altar of an unknown god.
  6810 | D:8      | Found a faded altar of an unknown god.
  6815 | D:8      | Found a faded altar of an unknown god.
  6817 | D:8      | Found a faded altar of an unknown god.
  6819 | D:8      | Found an iron altar of Okawaru.
  6822 | D:8      | Became a worshipper of Warmaster Okawaru
  7074 | D:8      | Noticed Erica
  7091 | D:8      | Killed Erica
  7340 | D:8      | Reached skill level 5 in Armour
  7491 | D:9      | Reached skill level 15 in Fighting
  7563 | D:9      | Reached * piety under Okawaru
  8021 | D:10     | Entered Level 10 of the Dungeon
  8197 | D:10     | Reached ** piety under Okawaru
  8224 | D:10     | Noticed Nergalle
  8243 | D:10     | Noticed a spectral orc warlord
  8258 | D:10     | Killed Nergalle
  8261 | D:10     | Reached XP level 11. HP: 43/113 MP: 10/12
  8773 | D:10     | Reached skill level 1 in Invocations
  9080 | D:10     | Reached *** piety under Okawaru
  9098 | D:10     | Reached skill level 5 in Dodging
  9278 | D:10     | Reached skill level 16 in Fighting
  9652 | D:11     | Noticed a four-headed hydra
  9659 | D:11     | Killed a four-headed hydra
  9667 | D:11     | Noticed a skeletal warrior
  9671 | D:11     | Noticed a skeletal warrior
  9681 | D:11     | Noticed a skeletal warrior
  9689 | D:11     | Noticed a skeletal warrior
  9699 | D:11     | Killed a skeletal warrior
  9706 | D:11     | Killed a skeletal warrior
  9706 | D:11     | Reached **** piety under Okawaru
  9716 | D:11     | Killed a skeletal warrior
  9719 | D:11     | Killed a skeletal warrior
 10122 | D:11     | Found a staircase to the Lair.
 10390 | D:11     | Reached ***** piety under Okawaru
 10861 | D:11     | Noticed a five-headed hydra
 10869 | D:11     | Killed a five-headed hydra
 10869 | D:11     | Received a gift from Okawaru
 10869 | D:11     | Reached XP level 12. HP: 101/124 MP: 13/13
 11289 | D:12     | Found Kouripn's Antique Weapon Shoppe.
 11348 | D:12     | Bought a runed dire flail for 310 gold pieces
 11477 | D:12     | Found a staircase to the Orcish Mines.
 11719 | D:12     | Reached skill level 17 in Fighting
 11804 | D:12     | Reached skill level 5 in Invocations
 11837 | D:12     | Noticed Urug
 11850 | D:12     | Killed Urug
 12185 | D:12     | Received a gift from Okawaru
 12189 | D:12     | Got a pair of jewelled gloves {god gift}
 12195 | D:12     | Identified the +3 pair of gloves "Esust" {MR+ Str+5} (Okawaru gifted it to you on level 12 of the Dungeon)
 12521 | Orc:1    | Entered Level 1 of the Orcish Mines
 12579 | Orc:1    | Found a roughly hewn altar of Beogh.
 12654 | Orc:1    | Found Mymiv's Jewellery Shoppe.
 12732 | Orc:1    | Noticed a stone giant
 12735 | Orc:1    | Paralysed by an orc sorcerer for 3 turns
 12742 | Orc:1    | Killed a stone giant
 13352 | Orc:2    | Entered Level 2 of the Orcish Mines
 13352 | Orc:2    | Noticed an ettin
 13354 | Orc:2    | Noticed an orc warlord
 13361 | Orc:2    | Killed an ettin
 13378 | Orc:2    | Killed an orc warlord
 13690 | Orc:2    | Paralysed by an orc sorcerer for 2 turns
 13695 | Orc:2    | Reached XP level 13. HP: 128/134 MP: 17/17
 13844 | Orc:2    | Noticed an orc warlord
 13861 | Orc:2    | Received a gift from Okawaru
 13910 | Orc:2    | Killed an orc warlord
 13910 | Orc:2    | Reached skill level 18 in Fighting
 14070 | Orc:2    | Found Efim's Antique Armour Shop.
 14070 | Orc:2    | Found a roughly hewn altar of Beogh.
 14071 | Orc:2    | Found Qetamiy's Antique Weapon Boutique.
 14084 | Orc:2    | Bought a warped chain mail for 361 gold pieces
 14086 | Orc:2    | Identified the +10 chain mail of Pautafaell {rPois Str-2 Int+4} (You bought it in a shop on level 2 of the Orcish Mines)
 14143 | Orc:2    | Found a roughly hewn altar of Beogh.
 14152 | Orc:2    | Found Pueh's Jewellery Shop.
 14168 | Orc:2    | Bought a cursed ring of teleportation for 63 gold pieces
 14208 | Orc:2    | Found a roughly hewn altar of Beogh.
 14256 | Orc:2    | Found a roughly hewn altar of Beogh.
 14257 | Orc:2    | Found Ehuser's Armour Shoppe.
 14383 | Orc:2    | Reached skill level 10 in Armour
 14426 | Orc:2    | Found a staircase to the Elven Halls.
 14439 | Orc:2    | Found a roughly hewn altar of Beogh.
 14532 | Orc:2    | Found a roughly hewn altar of Beogh.
 14568 | Orc:2    | Found a roughly hewn altar of Beogh.
 14631 | Orc:2    | Found a roughly hewn altar of Beogh.
 14687 | Orc:2    | Found a roughly hewn altar of Beogh.
 14821 | Lair:1   | Entered Level 1 of the Lair of Beasts
 14971 | Lair:1   | Found an opulent altar of Gozag.
 14999 | Lair:1   | Reached ****** piety under Okawaru
 15170 | Lair:1   | Noticed TryAgain's ghost (journeyman DsCj)
 15199 | Lair:1   | Killed TryAgain's ghost
 15199 | Lair:1   | Received a gift from Okawaru
 15200 | Lair:1   | Got an ebony halberd {god gift}
 16753 | Lair:3   | Identified the +1 halberd of Devotion {speed, Str+3 Stlth+} (Okawaru gifted it to you on level 1 of the Lair of Beasts)
 16998 | Lair:3   | Noticed Rupert
 17021 | Lair:3   | Killed Rupert
 18002 | Lair:3   | You fall through a shaft for 3 floors!
 18002 | Lair:6   | Entered Level 6 of the Lair of Beasts
 18020 | Lair:6   | Received a gift from Okawaru
 18022 | Lair:6   | Reached XP level 14. HP: 115/144 MP: 20/20
 18098 | Lair:6   | Reached skill level 10 in Invocations
 18683 | Lair:5   | Found a staircase to the Slime Pits.
 19976 | Lair:4   | Found a staircase to the Swamp.
 20196 | Lair:4   | Found a hole to the Spider Nest.
 20593 | Lair:4   | Found a runed door.
 20624 | Lair:4   | Reached skill level 19 in Fighting
 20909 | Lair:4   | Got a scintillating glass ring
 20912 | Lair:4   | Identified the ring of Esaosch {AC+2 Str+2 Int-2 Stlth+} (You found it on level 4 of the Lair of Beasts)
 20918 | Lair:4   | Got an iridescent battleaxe
 20921 | Lair:4   | Identified the +2 battleaxe of the Iron City of Dis {chop, rElec rF+ Dex-3} (You found it on level 4 of the Lair of Beasts)
 21523 | Lair:6   | Received a gift from Okawaru
 22113 | Lair:6   | Reached XP level 15. HP: 143/152 MP: 23/23
 22522 | Lair:6   | Received a gift from Okawaru
 23045 | Spider:1 | Entered Level 1 of the Spider Nest
 23395 | Spider:1 | Reached skill level 10 in Dodging
 23433 | Spider:1 | Received a gift from Okawaru
 23434 | Spider:1 | Got a bronze scale mail {god gift}
 23445 | Spider:1 | Identified the +1 scale mail of Hadjma {rPois rF++ Int+4 Dex-2} (Okawaru gifted it to you on level 1 of the Spider Nest)
 26229 | Spider:2 | Reached skill level 20 in Fighting
 26229 | Spider:2 | Reached XP level 16. HP: 162/162 MP: 25/25
 26273 | Spider:3 | Received a gift from Okawaru
 26278 | Spider:3 | Got a slimy demon whip {god gift}
 26279 | Spider:3 | Identified the +11 demon whip "Sasengef" {freeze, rElec rN+ Int-3} (Okawaru gifted it to you on level 3 of the Spider Nest)
 27304 | Spider:4 | Entered Level 4 of the Spider Nest
 27433 | Spider:4 | Received a gift from Okawaru
 27830 | Spider:4 | Noticed Arachne
 27845 | Spider:4 | Killed Arachne
 28105 | Spider:4 | Received a gift from Okawaru
 28105 | Spider:4 | Reached skill level 15 in Invocations
 28107 | Spider:4 | Got a pair of ichor-stained gloves {god gift}
 28118 | Spider:4 | Identified the +4 pair of gloves of the Ant {*Contam Str+4 Int+3} (Okawaru gifted it to you on level 4 of the Spider Nest)
 28142 | Spider:4 | Lost mutation: Your spells are a little harder to cast, but a little more powerful. [mutagenic glow]
 28771 | Spider:4 | HP: 1/165 [emperor scorpion (12)]
 29406 | Spider:4 | Identified the Collected Works on the Poisonous Escort
 29539 | Spider:4 | Got a gossamer rune of Zot
 29900 | D:8      | Bought a scroll of identify for 20 gold pieces
 29900 | D:8      | Bought a scroll of acquirement for 520 gold pieces
 29900 | D:8      | Bought a scroll of teleportation for 30 gold pieces
 29900 | D:8      | Bought a scroll of identify for 20 gold pieces
 29900 | D:8      | Bought a scroll of identify for 20 gold pieces
 29900 | D:8      | Bought a scroll of identify for 20 gold pieces
 30128 | Swamp:1  | Entered Level 1 of the Swamp
 30266 | Swamp:1  | Reached XP level 17. HP: 172/172 MP: 27/27
 30297 | Swamp:1  | Received a gift from Okawaru
 31093 | Swamp:2  | Reached skill level 21 in Fighting
 31187 | Swamp:2  | Noticed Roxanne
 31202 | Swamp:2  | Killed Roxanne
 31203 | Swamp:2  | Identified Roxanne's Papyrus of Earth (You took it off Roxanne on level 2 of the Swamp)
 31219 | Swamp:2  | Noticed Louise
 31359 | Swamp:2  | Killed Louise
 32768 | Swamp:3  | Reached skill level 15 in Armour
 33087 | Swamp:4  | Entered Level 4 of the Swamp
 33242 | Swamp:4  | Received a gift from Okawaru
 33311 | Swamp:4  | Found a frozen archway.
 33319 | IceCv    | Entered an ice cave
 33500 | IceCv    | Got a warped flail
 33505 | IceCv    | Identified the +6 flail "Xaafudghi" {drain, -Tele Dex+6} (You found it in an ice cave)
 33829 | Swamp:4  | Received a gift from Okawaru
 34398 | Swamp:4  | Noticed a bone dragon
 34418 | Swamp:4  | Killed a bone dragon
 34608 | Swamp:4  | Got a decaying rune of Zot
 34727 | Swamp:2  | Reached XP level 18. HP: 182/182 MP: 29/29
 36057 | D:14     | Noticed Agnes
 36068 | D:14     | Killed Agnes
 36200 | D:14     | Found a basalt altar of Yredelemnul.
 36398 | D:14     | Found a gate to the Vaults.
 36583 | D:15     | Entered Level 15 of the Dungeon
 36614 | D:15     | Received a gift from Okawaru
 37654 | D:15     | Found Toonnoor's Changing Room.
 37765 | D:15     | Found a staircase to the Depths.
 37781 | D:15     | Reached skill level 22 in Fighting
 38030 | Vaults:1 | Entered Level 1 of the Vaults
 38348 | Vaults:1 | Received a gift from Okawaru
 38364 | Vaults:1 | Identified a +0 pair of boots of running (You found it on level 1 of the Vaults)
 39458 | Vaults:2 | Noticed Mennas
 39584 | Vaults:1 | Killed Mennas
 40070 | Vaults:2 | Reached XP level 19. HP: 186/193 MP: 31/31
 40077 | Vaults:2 | Received a gift from Okawaru
 40080 | Vaults:2 | Got a faintly glowing eveningstar {god gift}
 40116 | Vaults:2 | Identified the +11 eveningstar of Badghanko {crush, Str-3 Int+6 Dex+3} (Okawaru gifted it to you on level 2 of the Vaults)
 40311 | Vaults:2 | Noticed Xtahua
 40341 | Vaults:2 | Killed Xtahua
 40690 | Vaults:2 | Received a gift from Okawaru
 41134 | Vaults:2 | Found a staircase to the Crypt.
 41765 | Vaults:3 | Received a gift from Okawaru
 41857 | Vaults:3 | Noticed a lich
 41867 | Vaults:3 | Killed a lich
 41867 | Vaults:3 | Reached skill level 23 in Fighting
 43219 | Vaults:3 | Reached XP level 20. HP: 203/203 MP: 32/32
 43998 | Vaults:4 | Found Soun's Armour Boutique.
 44047 | Vaults:4 | Received a gift from Okawaru
 44204 | Vaults:4 | Paralysed by an ogre mage for 5 turns
 45788 | Vaults:4 | Received a gift from Okawaru
 46064 | Vaults:5 | Entered Level 5 of the Vaults
 46070 | Vaults:5 | Noticed a golden dragon
 46488 | Vaults:4 | Killed a golden dragon
 46515 | Vaults:4 | Received a gift from Okawaru
 46515 | Vaults:4 | Reached XP level 21. HP: 90/213 MP: 29/33
 46522 | Vaults:4 | Got a faintly glowing quarterstaff {god gift}
 46535 | Vaults:4 | Identified the +1 quarterstaff "Banisher" {crush, Str-2 Int+7} (Okawaru gifted it to you on level 4 of the Vaults)
 47616 | Vaults:4 | Reached skill level 24 in Fighting
 48310 | Vaults:5 | Received a gift from Okawaru
 48524 | Vaults:5 | Reached skill level 15 in Dodging
 49278 | Vaults:5 | Received a gift from Okawaru
 49493 | Vaults:5 | Reached XP level 22. HP: 206/224 MP: 35/35
 49531 | Vaults:5 | Got a spiked cloak
 49599 | Vaults:4 | Killed from afar by a frost giant

Skill      XL: |  1  2  3  4  5  6  7  8  9 10 11 12 13 14 15 16 17 18 19 20 21 |
---------------+----------------------------------------------------------------+-----
Maces & Flails | 3 5 6 7 9 11 12 13 14 | 14.0
Fighting       | 4 14 15 16 17 18 19 20 21 22 23 24 | 24.7
Armour         | 4 6 7 9 10 12 14 15 16 18 19 20 | 20.3
Dodging        | 2 4 6 7 9 10 11 12 14 15 | 15.6
Evocations     | 1 3 |  3.3
Invocations    | 3 6 9 12 13 15 17 18 19 20 | 20.6
Shields        | |  3.6

Action                   |  1- 3 |  4- 6 |  7- 9 | 10-12 | 13-15 | 16-18 | 19-21 | 22-24 || total
-------------------------+-------+-------+-------+-------+-------+-------+-------+-------++-------
Melee: Flail             |   104 |   157 |   349 |   285 |       |       |       |       ||   895
       Headbutt          |    15 |    30 |    76 |   189 |   455 |   571 |   588 |    19 ||  1943
       War axe           |       |       |       |    18 |       |       |       |       ||    18
       Dire flail        |       |       |       |   437 |  1374 |    12 |       |       ||  1823
       Demon whip        |       |       |       |       |       |  1808 |  1622 |    41 ||  3471
       Punch             |       |       |       |       |       |     3 |       |       ||     3
Invok: Heroism           |       |       |       |     7 |     3 |     7 |    12 |     1 ||    30
       Finesse           |       |       |       |     2 |     2 |     5 |     9 |     1 ||    19
 Abil: Blink             |       |       |       |       |     1 |       |     1 |       ||     2
Evoke: Wand              |       |       |       |     2 |    14 |     1 |     6 |     1 ||    24
  Use: Scroll            |       |     6 |       |    11 |     8 |    15 |    21 |       ||    61
       Potion            |       |       |    10 |     4 |       |     5 |    10 |     1 ||    30
 Stab: Petrified         |       |       |       |       |     7 |       |       |       ||     7
       Held in net/web   |       |       |       |       |     1 |     1 |       |       ||     2
       Confused          |       |       |       |       |       |     1 |       |       ||     1
       Invisible         |       |       |       |       |       |       |     7 |       ||     7
       Fleeing           |       |       |       |       |       |       |     1 |       ||     1
  Eat: Chunk             |     2 |     6 |     7 |    28 |    35 |    45 |    26 |       ||   149
       Beef jerky        |       |       |     1 |       |     1 |       |       |       ||     2
       Meat ration       |       |       |     1 |       |       |       |     2 |       ||     3
       Fruit             |       |       |       |     1 |     2 |       |       |       ||     3
       Royal jelly       |       |       |       |     1 |       |       |       |       ||     1
       Pizza             |       |       |       |       |     1 |     1 |       |       ||     2
Armor: Scale mail        |    49 |    21 |       |       |       |       |       |       ||    70
       Chain mail        |       |    37 |   115 |   266 |   577 |   567 |   357 |     8 ||  1927
Dodge: Dodged            |    21 |    39 |    38 |   261 |   721 |  1056 |   975 |    28 ||  3139
Block: Shield            |    53 |   116 |   118 |   212 |       |       |       |       ||   499
       Other             |       |       |       |    39 |   106 |    55 |       |       ||   200
       Reflection        |       |       |       |     3 |       |    26 |    30 |       ||    59
       Buckler           |       |       |       |       |       |   336 |   467 |     6 ||   809
